 Dungeon Crawl Stone Soup version 0.28.0-47-ge53b351184 (webtiles) character file.

Game seed: 2855608917432375095

54 hawla the Digger (level 3, -1/14 HPs)
             Began as a Felid Earth Elementalist on May 8, 2022.
             Slain by an adder (3 damage)
             ... on level 2 of the Dungeon.
             The game lasted 00:05:30 (1891 turns).

hawla the Digger (Felid Earth Elementalist)         Turns: 1891, Time: 00:05:31

Health: -1/14      AC:  1    Str:  4    XL:     3   Next: 66%
Magic:  2/7        EV: 17    Int: 18    God:
Gold:   61         SH:  0    Dex: 16    Spells: 2/6 levels left
                                        Lives:  0   Deaths: 0

rFire   . . .      SeeInvis +   (weapon unavailable)
rCold   . . .      Faith    .   (shield unavailable)
rNeg    . . .      Spirit   .   (armour unavailable)
rPois   .          Reflect  .   (helmet unavailable)
rElec   .          Harm     .   (cloak unavailable)
rCorr   .          Rampage  .   (gloves unavailable)
Will    .....                   (boots unavailable)
Stlth   ++........              (no amulet)
HPRegen 0.04/turn               (no ring)
MPRegen 0.10/turn               (no ring)

@: weak-willed, attractive, quick
A: very small, claws 1, fangs 3, see invisible, speed 1, shaggy fur 1, stealthy
paws, no weapons or thrown items, no armour, multi-lived
a: no special abilities


You were on level 2 of the Dungeon.
You visited 1 branch of the dungeon, and saw 2 of its levels.

You collected 61 gold pieces.

Inventory:

Potions
 d - a potion of heal wounds


   Skills:
 + Level 2.8 Dodging
 - Level 3.2 Stealth
 + Level 0.2 Unarmed Combat
 - Level 2.4 Spellcasting
 * Level 0.7 Conjurations
 + Level 1.1 Transmutations
 * Level 3.5 Earth Magic


You had 2 spell levels left.
You knew the following spells:

 Your Spells              Type           Power      Damage    Failure   Level
a - Sandblast             Erth           28%        2d8       4%          1
b - Stone Arrow           Conj/Erth      18%        3d8       22%         3

Your spell library contained the following spells:

 Spells                   Type           Power      Damage    Failure   Level
 Passwall                 Tmut/Erth      8%         N/A       10%         2
 Foxfire                  Conj/Fire      12%        2x1d4     16%         1
 Conjure Flame            Conj/Fire      3%         6-21      41%         3
 Inner Flame              Hex/Fire       2%         N/A       45%         3
 Petrify                  Tmut/Erth      10%        N/A       54%         4
 Flame Wave               Conj/Fire      3%         2d4       83%         4


Dungeon Overview and Level Annotations

Branches:
Dungeon (2/15)

Altars:


Innate Abilities, Weirdness & Mutations

You have sharp claws.
You have razor-sharp teeth.
You have supernaturally acute eyesight. (SInv)
You cover ground quickly. (Speed+)
You are covered in fur. (AC +1)
Your paws help you pounce on unaware monsters.
You are incapable of wielding weapons or throwing items.
You cannot wear armour.
You gain extra lives every three experience levels.


Message History

Press: ? - help, Shift-Dir - straight line, f/p - adder
Aim: an adder (severely wounded, 43% to hit)
You miscast Stone Arrow.
You are very lightly contaminated with residual magic.
Nothing appears to happen.
The adder closely misses you. The adder closely misses you.
Your magical contamination has completely faded away.
The adder closely misses you.
Casting: Stone Arrow (potentially lethal; 22% risk of failure)
Confirm with . or Enter, or press ? or * to list all spells.
The spell is potentially lethal to miscast (22% risk of failure)!
Continue anyway?
Aiming: Stone Arrow (potentially lethal; 22% risk of failure)
Press: ? - help, Shift-Dir - straight line, f/p - adder
Aim: an adder (severely wounded, 43% to hit)
You miscast Stone Arrow.
You are very lightly contaminated with residual magic.
Nothing appears to happen.
The adder completely misses you.
It was a potion of attraction.
You feel attractive to monsters. The adder closely misses you.
Your magical contamination has completely faded away.
You see here a +0 dagger.
The orc is attracted toward you.
You pounce on the helpless orc from behind!
You scratch the orc.
The orc is heavily wounded.
The adder bites you. The orc completely misses you.
The adder completely misses you.
You barely miss the orc.
The orc is heavily wounded.
The orc hits you with a +0 dagger.
* * * LOW HITPOINT WARNING * * *
The adder closely misses you.
As you read the scroll labelled XELUKEEBRU, it crumbles to dust.
Magic quickly surges around you.
It was a scroll of vulnerability.
The adder closely misses you. The orc closely misses you.
You scratch the orc.
The orc is heavily wounded.
The adder bites you.
You die...

# #g# #..# # #.##
##)# # #..# #.# #
##.# #.# # #.# #.#
####### #.# #.#
).....# #.# #.#
#####.###########o#
#.#
##...........).S@.#
#.#
##.##.#############
#.# ##.##.# #.#
##.##.# #.# #...#.#
#.# ......#
############.#
#...###
#..>.........#
##.##
#.############
#.#### #.#


You could see an adder (weak-willed) and an orc (weak-willed).

Vanquished Creatures
  An adder (D:2)
  3 endoplasms (D:1)
  8 goblins
  2 hobgoblins
  5 jackals (D:1)
  5 kobolds (D:1)
  4 ball pythons
  5 bats
  2 frilled lizards (D:1)
  4 rats
39 creatures vanquished.

Notes
Turn   | Place    | Note
-------+----------+-------------------------------------------
     0 | D:1      | hawla the Felid Earth Elementalist began the quest for the
                  | Orb.
     0 | D:1      | Reached XP level 1. HP: 7/7 MP: 4/4
   205 | D:1      | Reached XP level 2. HP: 11/11 MP: 4/6
   692 | D:1      | Reached XP level 3. HP: 6/14 MP: 0/7
  1162 | D:2      | Learned a level 3 spell: Stone Arrow
  1891 | D:2      | Slain by an adder

Illustrated notes

Levels and vault maps discovered:
D:1:      tarquinn_simple_flora_water_e, layout_basic
D:2:      layout_loops_ring

Skill      XL: |  1  2 |
---------------+-------+-----
Earth Magic    | 3 |  3.5
Stealth        | 3 |  3.2
Dodging        | |  2.8
Unarmed Combat | |  0.2
Spellcasting   | |  2.4
Conjurations   | |  0.7
Transmutations | |  1.1

Action                   || total
-------------------------++-------
Melee: Unarmed           ||    37
       Bite              ||     1
 Cast: Sandblast         ||    32
       Stone Arrow       ||     6
  Use: Scroll            ||     4
       Potion            ||     1
 Stab: Sleeping          ||    10
       Distracted        ||     1
Armor: Skin              ||     1
Dodge: Dodged            ||    36
